 Dungeon Crawl Stone Soup version 0.29.1-2-gbd0b4ee654 (webtiles) character file.

Game seed: 3458776954141104501

66 BlackCrag the Cudgeller (level 3, -5/33 HPs)
             Began as a Minotaur Berserker on Oct 28, 2022.
             Was a Believer of Trog.
             Killed by nerve-wracking pain
             ... invoked by Grinder
              (9 damage)
             ... while paralysed by Grinder
             ... on level 3 of the Dungeon.
             The game lasted 00:06:42 (1874 turns).

BlackCrag the Cudgeller (Minotaur Berserker)        Turns: 1874, Time: 00:06:43

Health: -5/33      AC:  9    Str: 23    XL:     3   Next: 96%
Magic:  2/2        EV:  2    Int:  4    God:    Trog [**....]
Gold:   146        SH:  0    Dex:  9    Spells: 2/2 levels left

rFire   . . .      SeeInvis .   a - +0 mace
rCold   . . .      Faith    .   (no shield)
rNeg    . . .      Spirit   .   e - +0 ring mail
rPois   .          Reflect  .   (helmet restricted)
rElec   .          Harm     .   (no cloak)
rCorr   .          Rampage  .   l - +0 pair of gloves
Will    .....                   h - +1 pair of boots
Stlth   ..........              (no amulet)
HPRegen 0.11/turn               (no ring)
MPRegen 0.08/turn               (no ring)

@: paralysed, on berserk cooldown, slowed
A: horns 2, retaliatory headbutt
a: Renounce Religion, Berserk, Trog's Hand


You were on level 3 of the Dungeon.
You worshipped Trog.
Trog was pleased with you.
You visited 1 branch of the dungeon, and saw 3 of its levels.

You collected 146 gold pieces.

Inventory:

Hand Weapons
 a - a +0 mace (weapon)
 j - a +2 short sword of freezing
 k - a +2 vorpal spear
Armour
 e - a +0 ring mail (worn)
 h - a +1 pair of boots (worn)
 l - a +0 pair of gloves (worn)
Jewellery
 g - an amulet of magic regeneration
Scrolls
 d - 4 scrolls of identify
 i - 2 scrolls of vulnerability {unknown}
 n - a scroll of poison {unknown}
 p - a scroll of silence {unknown}
Potions
 b - 2 potions of heal wounds
 f - a potion of haste {unknown}
 m - a potion of lignification {unknown}
 o - a potion of degeneration {unknown}


   Skills:
 + Level 4.1 Fighting
 + Level 4.8 Maces & Flails
 + Level 3.4 Armour
 + Level 2.3 Dodging


You had 2 spell levels left.
You didn't know any spells.
Your spell library was empty.

Dungeon Overview and Level Annotations

Branches:
Dungeon (3/15)

Altars:

Annotations:
D:3 Grinder


Innate Abilities, Weirdness & Mutations

You have a pair of horns on your head.
You reflexively headbutt those who attack you in melee.


Message History

Grinder blinks!
A goblin comes into view. It is wielding a +0 club.
You are no longer berserk.
You are exhausted.
You feel yourself slow down.
You feel the effects of Trog's Hand fading.
The goblin shouts!
You closely miss the quokka. Your headbutt misses the quokka.
The quokka completely misses you. You furiously retaliate!
You headbutt the quokka.
You kill the quokka!
Trog accepts your kill.
You hit Grinder but do no damage.
Grinder is severely wounded.
Grinder barely misses you. Grinder hits you but does no damage.
You barely miss Grinder.
Grinder is severely wounded.
Your skin stops crawling.
You feel less strong-willed. Grinder hits you.
You writhe in agony.
Grinder blinks!
The goblin misses you.
You barely miss the goblin. Your headbutt misses the goblin.
A ball python comes into view.
Grinder gestures at you. You resist with significant effort.
The goblin hits you but does no damage. Grinder gestures at you.
Pain shoots through your body!
* * * LOW HITPOINT WARNING * * *
The goblin closely misses you.
The ball python hisses angrily.
You sock the goblin!
You kill the goblin!
Trog accepts your kill.
An orc comes into view. It is wielding a +0 trident.
Grinder gestures at you.
You suddenly lose the ability to move!
Grinder gestures at you. Pain shoots through your body!
* * * LOW HITPOINT WARNING * * *
Grinder gestures at you. Pain shoots through your body!
You die...

## ..#.
#....
######
.?...
#.....
...o..
...#
#......
#$##S..#
#<@...#
#.†..##
#.5#((#
#...##.#
#...#
...
..##.
.... .#.
. ##..
###. ##
#.


You could see Grinder, an orc and a ball python.

Vanquished Creatures
  2 adders (D:2)
  2 worms (D:2)
  2 dart slugs (D:1)
  3 giant cockroaches
  3 goblins
  5 hobgoblins (D:1)
  A quokka (D:3)
  5 ball pythons
  3 bats
  7 kobolds
  7 rats
40 creatures vanquished.

Notes
Turn   | Place    | Note
-------+----------+-------------------------------------------
     0 | D:1      | BlackCrag the Minotaur Berserker began the quest for the
                  | Orb.
     0 | D:1      | Reached XP level 1. HP: 19/19 MP: 0/0
   299 | D:1      | Reached XP level 2. HP: 27/27 MP: 1/1
   735 | D:1      | Reached ** piety under Trog
   813 | D:1      | Reached XP level 3. HP: 30/33 MP: 2/2
  1481 | D:2      | Found a faded altar of an unknown god.
  1849 | D:3      | Noticed Grinder
  1859 | D:3      | Paralysed by Grinder for 3 turns
  1873 | D:3      | Paralysed by Grinder for 5 turns
  1874 | D:3      | Killed from afar by Grinder

Illustrated notes

Levels and vault maps discovered:
D:1:      lightli_arrival_statue_moat, layout_basic, minmay_unequal
D:2:      layout_loops_ring, dilly_ecumenical_altar_fadedgnrine,
          grunt_ministairs_2, chequers_serial_rivers_small_a
D:3:      layout_rooms, mainiacjoe_overflow_alcove_1, zin_angel,
          kennysheep_generic_room_7, uniq_robin, uniq_grinder, uniq_terence

Skill      XL: |  1  2  3 |
---------------+----------+-----
Maces & Flails | 4 |  4.8
Fighting       | 4 |  4.1
Armour         | 3 |  3.4
Dodging        | |  2.3

Action                   || total
-------------------------++-------
Melee: Mace              ||    84
       Headbutt          ||    12
Throw: Throwing net      ||     1
Invok: Berserk           ||     1
       Trog's Hand       ||     1
  Use: Scroll            ||     2
Armor: Animal skin       ||     1
       Ring mail         ||    35
Dodge: Dodged            ||    58
